 Dungeon Crawl Stone Soup version 0.21-a0-278-ga722497 (webtiles) character file.

746 Gorice the Quickloader (level 7, 0/72 HPs)
             Began as a Gnoll Arcane Marksman on Sept 21, 2017.
             Was a Follower of Okawaru.
             Slain by an orc
             ... wielding a +0 war axe
              (2 damage)
             ... on level 5 of the Dungeon.
             The game lasted 00:24:02 (5649 turns).

Gorice the Quickloader (Gnoll Arcane Marksman)      Turns: 5649, Time: 00:24:03

Health: 0/72       AC: 23    Str:  7    XL:     7   Next: 77%
Magic:  9/9        EV:  2    Int:  7    God:    Okawaru [*.....]
Gold:   219        SH:  0    Dex:  7    Spells: 6/9 levels left

rFire    . . .     SeeInvis .   b - +1 hand axe (freeze)
rCold    . . .     Gourm    .   (no shield)
rNeg     + + +     Faith    .   (armour currently unavailable)
rPois    +         Spirit   .   (helmet currently unavailable)
rElec    .         Reflect  .   (cloak currently unavailable)
rCorr    .         Harm     .   (gloves currently unavailable)
MR       .....     NoTele   +   (boots currently unavailable)
Stlth    ++........             (no amulet)
HPRegen  0.22/turn              (no ring)
MPRegen  0.11/turn              (no ring)

@: agile, tree-form, hasted (expiring), very quick
A: unchanging attributes, strong nose
a: Heroism, Renounce Religion


You were on level 5 of the Dungeon.
You worshipped Okawaru.
Okawaru was aware of your devotion.
You were not hungry.
You were a tree.
You visited 2 branches of the dungeon, and saw 6 of its levels.

You collected 279 gold pieces.
You spent 60 gold pieces at shops.

Inventory:

Hand Weapons
 a - a +0 hand crossbow
 b - a +1 hand axe of freezing (weapon)
   (You took it off an orc on level 4 of the Dungeon)
 h - a +1 vampiric whip
   (You took it off a kobold on level 2 of the Dungeon)
 l - a cursed -1 whip
 p - a +2 short sword of protection
   (You took it off a kobold on level 2 of the Dungeon)
 u - a +0 trident
 x - a +0 blowgun
 y - a +0 hunting sling of freezing
   (You took it off a goblin on level 4 of the Dungeon)
Missiles
 q - 7 needles of confusion
 I - 4 tomahawks (quivered)
 M - 10 sling bullets
Armour
 e - a +1 robe (melded)
 n - a +2 chain mail of poison resistance
   (You found it on level 2 of the Dungeon)
 w - a +0 pair of boots (melded)
 z - a +0 ring mail
 B - a +0 helmet (melded)
 J - a +1 robe of cold resistance
   (You found it on level 5 of the Dungeon)
Magical Staves
 g - an uncursed staff of cold {unknown}
Wands
 H - a wand of digging (11/24)
Scrolls
 j - 4 scrolls of teleportation {!r}
 A - a scroll of fog
 F - a scroll of blinking {unknown}
 L - a scroll of recharging {unknown}
Potions
 r - 2 potions of might {!q}
Books
 c - a book of Debilitation
Comestibles
 f - 5 bread rations {!e}
 i - 2 royal jellies
 m - 4 fruits
 C - 3 meat rations {!e}
 G - a chunk of flesh


   Skills:
 - Level 1.3 Fighting
 * Level 9.7 Crossbows
 - Level 2.6 Dodging
 - Level 1.5 Spellcasting
 + Level 6.8 Hexes


You had 6 spell levels left.
You knew the following spells:

 Your Spells              Type           Power        Failure   Level  Hunger
a - Corona                Hex            ##.....      2%          1    ##.....
b - Slow                  Hex            ##......     3%          2    ###....


Dungeon Overview and Level Annotations

Branches:
Dungeon (5/15)             Temple (1/1) D:4

Altars:
Ashenzari
Cheibriados
Dithmenos
Elyvilon
Fedhas
Hepliaklqana
Kikubaaqudgha
Makhleb
Nemelex Xobeh
Okawaru
Qazlal
Ru
Sif Muna
Trog
Uskayaw
Vehumet
Wu Jian
Xom
Zin
The Shining One

Shops:
D:5 !


Innate Abilities, Weirdness & Mutations

Your physical attributes are unchanging.
((You have very sharp teeth.))
Your uncanny sense of smell can sniff out nearby items.


Message History

Damage: 4 (max 9) Throwing (i - inventory. (,) - cycle):
t - 7 javelins (quivered)
Press: ? - help, Shift-Dir - straight line, f/p - orc wizard
Aim: an orc wizard, wielding a dagger and wearing a robe (heavily wounded, fast)
You throw a javelin. The javelin hits the orc wizard.
The orc wizard is severely wounded.
The orc wizard mumbles some strange words.
The orc wizard blinks!
The orc hits you but does no damage.
Throwing (i - inventory. (,) - cycle):
t - 6 javelins (quivered)
Press: ? - help, Shift-Dir - straight line, f/p - orc wizard
Aim: an orc wizard, wielding a dagger and wearing a robe (severely wounded, fast)
You throw a javelin.
The javelin hits the orc but does no damage.
The orc wizard casts a spell.
The orc wizard blinks!
Throwing (i - inventory. (,) - cycle):
t - 5 javelins (quivered)
Press: ? - help, Shift-Dir - straight line, f/p - orc wizard
Aim: an orc wizard, wielding a dagger and wearing a robe (severely wounded, fast)
You throw a javelin.
The javelin barely misses the orc wizard.
The orc hits you but does no damage.
Throwing (i - inventory. (,) - cycle):
t - 4 javelins (quivered)
Press: ? - help, Shift-Dir - straight line, f/p - orc wizard
Aim: an orc wizard, wielding a dagger and wearing a robe (severely wounded, fast)
You throw a javelin. The javelin hits the orc wizard.
You kill the orc wizard!
Okawaru accepts your kill.
Your extra speed is starting to run out.
The orc hits you but does no damage.
Throwing (i - inventory. (,) - cycle):
t - 3 javelins (quivered)
Press: ? - help, Shift-Dir - straight line, f - orc
Aim: an orc, wielding a war axe and wearing a chain mail You throw a javelin.
The javelin hits the orc but does no damage.
The orc hits you but does no damage.
Throwing (i - inventory. (,) - cycle):
t - 2 javelins (quivered)
Press: ? - help, Shift-Dir - straight line, f/p - orc
Aim: an orc, wielding a war axe and wearing a chain mail You throw a javelin.
The javelin hits the orc but does no damage.
Throwing (i - inventory. (,) - cycle):
t - a javelin (quivered)
Press: ? - help, Shift-Dir - straight line, f/p - orc
Aim: an orc, wielding a war axe and wearing a chain mail You throw a javelin.
The javelin hits the orc but does no damage.
The orc hits you but does no damage.
Your +1 hand axe of freezing glows with a cold blue light!
b - a +1 hand axe of freezing (weapon)
The orc hits you with a war axe.
You die...

###############.#.....
#.............#.###...
#.........(...#...#...
#.............#...'...
#..(......(...#...#...
#...(....(((..#...#...
#.......(..((.#+###...
##..(o.#####...(.....
#.(♣(.#.oo(.o.......
#..(.(#.((#.........
#(....#...#.........
#.(...#.. #.........
#.....#.. #.........
#.....#. #.........
#.....## #.........
#######


You could see an orc.

Vanquished Creatures
  Menkaure (D:5)
  An ogre (D:4)
  A centaur (D:5)
  A bullfrog zombie (D:5)
  2 hounds
  2 orc priests
  A jelly (D:4)
  3 orc wizards
  A worker ant zombie (D:4)
  Robin (D:4)
  4 gnolls
  5 adders
  A dart slug (D:1)
  A leopard gecko (D:3)
  10 orcs
  2 giant cockroaches
  17 goblins
  10 hobgoblins
  3 jackals (D:1)
  A ball python (D:1)
  8 bats
  6 frilled lizards
  12 kobolds
  3 rats
97 creatures vanquished.

Notes
Turn   | Place    | Note
-------+----------+-------------------------------------------
     0 | D:1      | Gorice the Gnoll Arcane Marksman began the quest for the Orb.
     0 | D:1      | Reached XP level 1. HP: 15/15 MP: 3/3
    18 | D:1      | Reached skill level 3 in Crossbows
   147 | D:1      | Reached XP level 2. HP: 16/21 MP: 0/4
   339 | D:1      | Reached skill level 4 in Crossbows
   341 | D:1      | HP: 5/21 [hobgoblin/club (5)]
   878 | D:1      | Reached XP level 3. HP: 26/26 MP: 3/5
   946 | D:1      | Found a sparkling altar of Nemelex Xobeh.
  1249 | D:1      | Learned a level 2 spell: Slow
  1439 | D:2      | Found a radiant altar of Vehumet.
  1448 | D:2      | Found a shimmering altar of Xom.
  1501 | D:2      | Reached skill level 5 in Crossbows
  1609 | D:2      | Reached XP level 4. HP: 12/32 MP: 3/6
  2072 | D:3      | HP: 9/32 [poisoned by an adder]
  2077 | D:3      | HP: 8/32 [poisoned by an adder]
  2084 | D:3      | HP: 7/32 [poisoned by an adder]
  2092 | D:3      | HP: 5/32 [poisoned by an adder]
  2736 | D:2      | Reached skill level 6 in Crossbows
  2853 | D:2      | Reached XP level 5. HP: 22/37 MP: 5/7
  3267 | D:3      | Reached skill level 5 in Hexes
  3997 | D:4      | Reached skill level 7 in Crossbows
  4030 | D:4      | Noticed Robin
  4031 | D:4      | Reached XP level 6. HP: 43/43 MP: 6/8
  4061 | D:4      | Killed Robin
  4136 | D:4      | Found a staircase to the Ecumenical Temple.
  4232 | Temple   | Entered the Ecumenical Temple
  4363 | Temple   | Became a worshipper of Warmaster Okawaru
  4461 | D:4      | Found a stormy altar of Qazlal.
  4583 | D:4      | Reached skill level 8 in Crossbows
  4589 | D:4      | Reached skill level 6 in Hexes
  4740 | D:4      | Found a sacrificial altar of Ru.
  4753 | D:4      | Reached XP level 7. HP: 41/48 MP: 7/9
  5233 | D:5      | Entered Level 5 of the Dungeon
  5387 | D:5      | Reached skill level 9 in Crossbows
  5435 | D:5      | Found Hibydoq's Distillery.
  5443 | D:5      | Bought a potion of heal wounds for 60 gold pieces
  5466 | D:5      | Found a burning altar of Makhleb.
  5544 | D:5      | Noticed Menkaure
  5553 | D:5      | Killed Menkaure
  5553 | D:5      | Reached * piety under Okawaru
  5613 | D:5      | HP: 10/48 [orc wizard/magic dart (7)]
  5620 | D:5      | HP: 14/48 [orc/war axe (2)]
  5633 | D:5      | HP: 9/48 [orc wizard/magic dart (7)]
  5636 | D:5      | HP: 4/48 [orc/war axe (6)]
  5641 | D:5      | HP: 1/72 [orc/war axe (4)]
  5649 | D:5      | Slain by an orc

Vault maps used:
D:1:      dpeg_arrival_rooms_a, nemelex_altar_shiori
D:2:      amethyst_overflow_temple_binary, first_bread, moated_statue
D:4:      nicolae_ru_great_annihilating_truth, minmay_temple_entry_junction_2,
          serial_bayou, serial_bayou_lagoon_a, serial_bayou_pond_e,
          serial_bayou_lake_a, serial_bayou_pond_a, hangedman_decor_slide_cut,
          nicolae_qazlal_eye_of_the_storm, uniq_robin
D:5:      serial_shops, shop, bloody_makhleb, uniq_menkaure
Temple:   regret_index_temple_sphere_string

Skill      XL: |  1  2  3  4  5  6  7 |
---------------+----------------------+-----
Crossbows      | 3 4 5 6 7 8 9 |  9.7
Hexes          | 5 6 |  6.8
Fighting       | |  1.3
Dodging        | |  2.6
Spellcasting   | |  1.5

Action                   |  1- 3 |  4- 6 |  7- 9 || total
-------------------------+-------+-------+-------++-------
Melee: Short sword       |    15 |    61 |       ||    76
       Bite              |     1 |     4 |       ||     5
       Hand axe          |       |       |    10 ||    10
 Fire: Hand crossbow     |    92 |   112 |    40 ||   244
Throw: Javelin           |       |       |    11 ||    11
       Tomahawk          |       |       |     8 ||     8
 Cast: Corona            |    41 |    47 |    15 ||   103
       Slow              |       |       |     2 ||     2
  Use: Scroll            |     6 |     7 |     4 ||    17
       Potion            |       |       |     5 ||     5
  Eat: Chunk             |     4 |    11 |     4 ||    19
Armor: Robe              |    18 |    57 |    12 ||    87
       Skin              |       |       |     8 ||     8
Dodge: Dodged            |    53 |   103 |    48 ||   204

Table legend:
 A = Spawn XP
 B = Non-spawn XP
 C = Spawn XP percentage of total XP
 D = Spawn monster count
 E = Non-spawn monster count
 F = Spawn count percentage of total count
 G = Total turns spent on level
                    A         B        C        D         E        F      G
               +---------+---------+-------+---------+---------+-------+---------
         Total |       0 |    1066 |   0.0 |       0 |      97 |   0.0 |  5649
               +---------+---------+-------+---------+---------+-------+---------
           D:1 |       0 |      49 |   0.0 |       0 |      28 |   0.0 |  1251
           D:2 |       0 |      84 |   0.0 |       0 |      15 |   0.0 |  1263
           D:3 |       0 |     160 |   0.0 |       0 |      22 |   0.0 |  1375
           D:4 |       0 |     359 |   0.0 |       0 |      24 |   0.0 |  1190
           D:5 |       0 |     414 |   0.0 |       0 |       8 |   0.0 |   416
               +---------+---------+-------+---------+---------+-------+---------

Table legend:
 A = Turns spent in this place as a percentage of turns spent in the entire game.
 B = Non-inter-level travel turns spent in this place as a percentage of non-inter-level travel turns spent in the entire game.
 C = Inter-level travel turns spent in this place as a percentage of turns spent in this place.
 D = Turns resting spent in this place as a percentage of non-inter-level travel turns spent in this place.
 E = Turns spent auto-exploring this place as a percentage of non-inter-level travel turns spent in this place.
 F = Non-inter-level travel turns spent in this place divided by the number of levels of this place that you've seen.
                   A       B       C       D       E      F
               +-------+-------+-------+-------+-------+----------------------
         Total | 100.0 | 100.0 |   3.3 |  29.1 |  35.5 | 910.0
       Dungeon |  97.3 |  97.8 |   2.8 |  29.8 |  34.2 | 1068.2
        Temple |   2.7 |   2.2 |  22.7 |   0.0 |  97.5 | 119.0
               +-------+-------+-------+-------+-------+----------------------

Vault maps used:
D:1:      dpeg_arrival_rooms_a, nemelex_altar_shiori
D:2:      amethyst_overflow_temple_binary, first_bread, moated_statue
D:4:      nicolae_ru_great_annihilating_truth, minmay_temple_entry_junction_2,
          serial_bayou, serial_bayou_lagoon_a, serial_bayou_pond_e,
          serial_bayou_lake_a, serial_bayou_pond_a, hangedman_decor_slide_cut,
          nicolae_qazlal_eye_of_the_storm, uniq_robin
D:5:      serial_shops, shop, bloody_makhleb, uniq_menkaure
Temple:   regret_index_temple_sphere_string
